 Dungeon Crawl Stone Soup version 0.28.0-53-g5a82cb258f (console) character file.

Game seed: 2757578453918448910

3138 erker the Geomancer (level 9, -9/49 (51) HPs)
             Began as an Octopode Earth Elementalist on June 24, 2022.
             Was a Priest of Cheibriados.
             Mangled by a wight
             ... wielding a +1 vorpal trident
              (11 damage)
             ... on level 7 of the Dungeon.
             The game lasted 00:53:41 (9770 turns).

erker the Geomancer (Octopode Earth Elementalist)   Turns: 9770, Time: 00:53:42

HP:   -9/49 (51)    AC:  1    Str: 14    XL:     9   Next: 92%
MP:   6/12          EV: 13    Int: 29    God:    Cheibriados [***...]
Gold: 334           SH:  0    Dex: 19    Spells: 3/12 levels left

rFire   . . .      SeeInvis .   a - +0 dagger
rCold   . . .      Faith    .   (no shield)
rNeg    + . .      Spirit   .   (helmet restricted)
rPois   .          Reflect  .   (no amulet)
rElec   .          Harm     .   C - ring of positive energy
rCorr   .          Rampage  .   (no ring)
Will    .....                   (no ring)
Stlth   ++++......              (no ring)
HPRegen 0.16/turn               (no ring)
MPRegen 0.13/turn               (no ring)
                                (no ring)
                                (no ring)

@: studying Translocations, lightly drained, very slow
A: almost no armour, amphibious, 8 rings, camouflage 1, gelatinous body 1,
(nimble swimmer 1), tentacles
a: Renounce Religion, Bend Time, Temporal Distortion


You were on level 7 of the Dungeon.
You worshipped Cheibriados.
Cheibriados was most pleased with you.
You visited 2 branches of the dungeon, and saw 8 of its levels.
You also visited: Ossuary.

You collected 348 gold pieces.
You spent 14 gold pieces at shops.

Inventory:

Hand Weapons
 a - a +0 dagger (weapon)
 b - a +0 hunting sling
 g - a +0 rapier
 p - a +0 war axe
 y - the +8 spear "Huugaufi" {protect, *Corrode rF+ Int+2 SInv}
   (You found it on level 5 of the Dungeon)

   It grants its wielder temporary protection when it strikes (+7 to AC).
   Int:       It affects your intelligence (+2).
   rF:        It protects you from fire.
   SInv:      It lets you see invisible.
   *Corrode:  It may corrode you when you take damage.
 E - a +1 whip of electrocution
Missiles
 c - 24 sling bullets
 k - 13 poisoned darts (quivered)
 l - 86 stones
 t - 4 boomerangs
Magical Staves
 n - a staff of conjuration
 v - a staff of fire
Jewellery
 C - a ring of positive energy (left tentacle)
Wands
 u - a wand of flame (9)
 D - a wand of polymorph (4)
Scrolls
 e - 2 scrolls of noise
 i - a scroll of summoning {unknown}
 o - a scroll of identify
 q - 2 scrolls of immolation
 r - a scroll of fog {unknown}
 s - a scroll of magic mapping {unknown}
 x - 2 scrolls of fear {unknown}
 z - 2 scrolls of teleportation {unknown}
 F - a scroll of amnesia {unknown}
Potions
 d - 6 potions of magic
 f - 3 potions of curing
 h - a potion of resistance {unknown}
 j - a potion of flight {unknown}
 m - a potion of lignification {unknown}
 w - a potion of brilliance {unknown}
 A - 2 potions of berserk rage
 B - a potion of invisibility {unknown}
 G - a potion of haste {unknown}


   Skills:
 - Level 4.0 Short Blades
 - Level 2.0 Dodging
 - Level 6.0 Stealth
 - Level 2.0 Spellcasting
 - Level 4.0 Hexes
 - Level 6.5 Transmutations
 + Level 5.9 Ice Magic
 - Level 8.0 Earth Magic


You had 3 spell levels left.
You knew the following spells:

 Your Spells              Type           Power      Damage    Failure   Level
a - Sandblast             Erth           98%        2d20      1%          1
p - Petrify               Tmut/Erth      45%        N/A       4%          4
w - Passwall              Tmut/Erth      37%        N/A       1%          2
z - Ensorcelled Hibernat  Hex/Ice        62%        N/A       1%          2

Your spell library contained the following spells:

 Spells                   Type           Power      Damage    Failure   Level
 Stone Arrow              Conj/Erth      52%        3d10      4%          3
 Corpse Rot               Necr/Air       4%         N/A       13%         2
 Poisonous Vapours        Pois/Air       4%         N/A       13%         2
 Gell's Gravitas          Tloc           2%         N/A       26%         3
 Lesser Beckoning         Tloc           2%         N/A       26%         3
 Swiftness                Air            2%         N/A       26%         3
 Teleport Other           Tloc           2%         N/A       26%         3


Dungeon Overview and Level Annotations

Branches:
Dungeon (7/15)             Temple (1/1) D:5         Ossuary (visited)

Altars:
Ashenzari
Cheibriados
Elyvilon
Fedhas
Gozag
Hepliaklqana
Kikubaaqudgha
Makhleb
Nemelex Xobeh
Okawaru
Qazlal
Sif Muna
Trog
Uskayaw
Vehumet
Wu Jian
Xom
Yredelemnul
Zin

Shops:
D:2 !

Annotations:
D:4 2 transporters, NiggerDarts's ghost, amateur HuFi
D:6 1 exclusion


Innate Abilities, Weirdness & Mutations

You cannot wear most types of armour.
You are amphibious.
You can wear up to eight rings at the same time.
Your skin changes colour to match your surroundings (Stealth+).
Your rubbery body absorbs attacks. (AC +1, EV +1)
((You are camouflaged when in or above water. (Stealth+)))
You have tentacles for arms and can constrict up to eight enemies at once.


Message History

Cheibriados thoroughly appreciates the change of pace.
Found a lumpy puce potion.
There is an open door here.
G - a lumpy puce potion
There is an open door here.
Casting: Ensorcelled Hibernation (safe; 1% risk of failure)
Confirm with . or Enter, or press ? or * to list all spells.
Aiming: Petrify (dangerous; 4% risk of failure)
Press: ? - help, Shift-Dir - straight line, f - wight
Aim: a wight, wielding a +3 falchion and wearing a +0 robe (chance to affect: 69%)
The wight is moving more slowly.
There is an open door here.
The wight stops moving altogether!
There is an open door here.
The helpless wight fails to defend itself.
You perforate the wight like a sieve!!!
You destroy the wight!
The wight throws a stone.
The stone hits you.
Casting: Petrify (dangerous; 4% risk of failure)
Confirm with . or Enter, or press ? or * to list all spells.
Aiming: Petrify (dangerous; 4% risk of failure)
Press: ? - help, Shift-Dir - straight line, f - wight
Aim: a wight, wielding a +4 spear and wearing a +0 robe (wandering, hasn't noticed you, chance to affect: 69%)
The wight is moving more slowly.
The wight hits you with a +4 spear! You partially resist.
You feel drained.
The wight hits you from afar with a +4 spear!
The wight throws a stone.
The stone hits you!
* * * LOW HITPOINT WARNING * * *
Okay, then.
Unknown command.
Unknown command.
Unknown command.
Unknown command.
You feel better.
The wight hits you from afar with a +4 spear!
* * * LOW HITPOINT WARNING * * *
You partially resist.
You feel drained.
* * * LOW HITPOINT WARNING * * *
The wight hits you from afar with a +1 vorpal trident!
You die...

##.#.>######.##.###
##.......# #.##.# .##
####..##.# #.##.# ..# #
#..##.###.##'## ...#
####.).......#...## ...
...))###.####.....## #...#
#####.## ###.......## #.#.#
####..)#.##.......z.####....#
..........'.....@.z.')......#
####...#.##.........####....#
##..^.###.......## .......
#.#### ##.....## ###.##. #.#
##...## # #.# ##'## #.# #.
#.# #. #..


You could see 2 wights.

Vanquished Creatures
  Pikel (D:6)
  Prince Ribbit (D:6)
  Eustachio (D:4)
  A steam dragon (D:7)
  An acid dragon (D:6)
  An ice beast (D:5)
  A necrophage (D:5)
  2 ogres
  A centaur (D:6)
  3 lemures (D:6)
  A kobold brigand (D:7)
  4 bullfrogs
  5 scorpions
  2 water moccasin skeletons (D:5)
  A wight (D:7)
  2 bullfrog zombies
  A centaur zombie (Ossuary)
  Crazy Yiuf (D:5)
  A jelly (D:7)
  6 hounds
  2 human zombies (Ossuary)
  2 bullfrog skeletons
  2 iguanas (D:5)
  3 hound zombies (Ossuary)
  3 mummies (Ossuary)
  Robin (D:4)
  3 gnolls (D:6)
  11 adders
  A shadow imp (D:4)
  A white imp (D:7)
  2 ufetubi
  An adder skeleton (D:4)
  8 adder zombies (Ossuary)
  7 worms
  2 dart slugs
  10 orcs
  11 endoplasms
  4 giant cockroaches
  2 gnoll zombies (Ossuary)
  13 goblins
  13 hobgoblins
  5 quokkas
  8 ball pythons
  5 bats
  4 frilled lizards
  3 goblin zombies (Ossuary)
  A hobgoblin zombie (Ossuary)
  A jackal zombie (Ossuary)
  12 kobolds
  2 kobold zombies (Ossuary)
  2 orc zombies (Ossuary)
  9 quokka zombies (Ossuary)
  9 rats
  2 rat zombies (Ossuary)
202 creatures vanquished.

Vanquished Creatures (others)
  A plant (D:5)
1 creature vanquished.

Grand Total: 203 creatures vanquished

Notes
Turn   | Place    | Note
-------+----------+-------------------------------------------
     0 | D:1      | erker the Octopode Earth Elementalist began the quest for
                  | the Orb.
     0 | D:1      | Reached XP level 1. HP: 11/11 MP: 3/3
   245 | D:1      | Reached XP level 2. HP: 12/17 MP: 0/5
   876 | D:1      | Reached skill level 1 in Short Blades
   885 | D:1      | Found a faded altar of an unknown god.
  1014 | D:1      | Reached XP level 3. HP: 21/21 MP: 6/6
  1433 | D:2      | Found Uphi's Distillery.
  1437 | D:2      | Bought a potion of degeneration for 14 gold pieces
  1600 | D:2      | Learned a level 2 spell: Passwall
  1675 | D:2      | Noticed a scorpion
  1688 | D:2      | Killed a scorpion
  1689 | D:2      | Reached XP level 4. HP: 8/27 MP: 7/7
  2547 | D:2      | Reached XP level 5. HP: 31/31 MP: 6/8
  3007 | D:2      | Learned a level 4 spell: Petrify
  3266 | D:3      | Reached skill level 4 in Earth Magic
  3743 | D:4      | Reached XP level 6. HP: 31/36 MP: 4/9
  3978 | D:4      | Noticed Eustachio
  3986 | D:4      | Reached skill level 5 in Earth Magic
  3995 | D:4      | Found a broken altar of Ashenzari.
  4037 | D:4      | Killed Eustachio
  4038 | D:4      | Reached skill level 6 in Earth Magic
  4134 | D:4      | Found a transporter.
  4142 | D:4      | Found a transporter.
  4231 | D:4      | Noticed NiggerDarts's ghost (amateur HuFi)
  4416 | D:4      | Reached XP level 7. HP: 22/41 MP: 10/10
  4623 | D:4      | Learned a level 2 spell: Ensorcelled Hibernation
  4748 | D:4      | Noticed Robin
  4765 | D:4      | Killed Robin
  5398 | D:5      | Entered Level 5 of the Dungeon
  5400 | D:5      | Found a staircase to the Ecumenical Temple.
  5412 | D:5      | Reached skill level 5 in Transmutations
  5615 | Temple   | Entered the Ecumenical Temple
  5913 | Temple   | Became a worshipper of Cheibriados the Contemplative
  6115 | D:5      | Reached XP level 8. HP: 42/46 MP: 8/11
  6185 | D:5      | Reached skill level 1 in Hexes
  6185 | D:5      | Reached skill level 1 in Ice Magic
  6435 | D:5      | Reached skill level 5 in Stealth
  6490 | D:5      | Noticed a moth of wrath
  6493 | D:5      | Found a bloodstained altar of Trog.
  6529 | D:5      | Identified the +8 spear "Huugaufi" {protect, *Corrode rF+
                  | Int+2 SInv}
  6760 | D:5      | Found a runed translucent door.
  6761 | D:5      | Noticed Crazy Yiuf
  6766 | D:5      | Killed Crazy Yiuf
  6953 | D:6      | Reached * piety under Cheibriados
  7014 | D:6      | Found a sand-covered staircase.
  7075 | Ossuary  | Entered an ossuary
  7307 | Ossuary  | Reached ** piety under Cheibriados
  7474 | Ossuary  | Reached skill level 7 in Earth Magic
  7840 | D:6      | Reached XP level 9. HP: 51/51 MP: 12/12
  8244 | D:6      | Reached skill level 8 in Earth Magic
  8398 | D:6      | Noticed Pikel
  8425 | D:6      | Noticed Prince Ribbit
  8614 | D:6      | Killed Pikel
  8939 | D:6      | Killed Prince Ribbit
  8951 | D:6      | Reached *** piety under Cheibriados
  9251 | D:7      | Reached skill level 5 in Ice Magic
  9770 | D:7      | HP: 2/49 [wight/+4 spear (2)]
  9770 | D:7      | Mangled by a wight

Illustrated notes

Levels and vault maps discovered:
D:1:      wander_arrival_lonely_grave, layout_loops_ring,
          shapermc_ecumenical_altar_pompeii, minmay_misc_feat_columns
D:2:      minmay_chambers_of_twos, layout_loops_ring, serial_shops, shop
D:3:      layout_rooms
D:4:      layout_basic, mainiacjoe_overflow_24_doors,
          gammafunk_ghost_stat_death, uniq_eustachio, uniq_robin
D:5:      cheibrodos_helix_gallery, layout_rooms, tgw_trog,
          minmay_temple_entry_arrows, serial_bayou, serial_bayou_pond_b,
          serial_bayou_shore_b, serial_bayou_shore_b, serial_bayou_pond_a,
          uniq_crazy_yiuf_cottage
D:6:      layout_basic, enter_ossuary_2, nicolae_water_bricks,
          minmay_manual_mess, uniq_prince_ribbit1, uniq_pikel
D:7:      layout_loops_corners
Temple:   minmay_temple_bridge_d

Skill      XL: |  1  2  3  4  5  6  7  8  9 |
---------------+----------------------------+-----
Stealth        | 3 4 6 |  6.0
Short Blades   | 1 2 4 |  4.0
Transmutations | 3 6 |  6.5
Earth Magic    | 4 6 7 8 |  8.0
Hexes          | 2 4 |  4.0
Ice Magic      | 2 5 |  5.9
Dodging        | |  2.0
Spellcasting   | |  2.0

Action                   |  1- 3 |  4- 6 |  7- 9 || total
-------------------------+-------+-------+-------++-------
Melee: Unarmed           |     4 |       |    26 ||    30
       Dagger            |    33 |    76 |   250 ||   359
       Constrict         |     6 |    18 |    59 ||    83
       Tentacles         |     5 |    18 |    68 ||    91
       Punch             |     2 |       |     5 ||     7
       Spear             |       |       |     5 ||     5
 Fire: Hunting sling     |       |    23 |     8 ||    31
Throw: Dart              |       |     1 |     2 ||     3
       Stone             |       |       |     3 ||     3
 Cast: Sandblast         |    14 |    32 |    44 ||    90
       Passwall          |       |     6 |    22 ||    28
       Petrify           |       |       |     8 ||     8
       Ensorcelled Hiber |       |       |    32 ||    32
Evoke: Wand              |       |       |     1 ||     1
  Use: Potion            |     1 |       |     1 ||     2
       Scroll            |       |       |     4 ||     4
 Stab: Sleeping          |    10 |    14 |    36 ||    60
       Petrified         |       |       |    13 ||    13
       Confused          |       |       |     5 ||     5
Armor: Skin              |     2 |     7 |    20 ||    29
Dodge: Dodged            |    20 |    45 |   175 ||   240
